[Event "Titled Tuesday Blitz December 27 Early 2022"]
[White "Osinovsky, Stepan"]
[Black "Orzech, Dominik"]
[WhiteFideId "4157354"]
[BlackFideId "1115065"]
[WhiteElo "2241"]
[BlackElo "2308"]
[Result "1-0"]
[Round "03"]
[TimeControl "180+2"]
[Date "2022.12.27"]
[WhiteClock "0:00:52"]
[BlackClock "0:02:21"]

1. e4 c5 2. d3 Nc6 3. Nd2 g6 4. g3 Bg7 5. Bg2 Nf6 6. Ngf3 O-O 7. O-O d5 8. exd5 Nxd5 9. Re1 b6 10. a4 Bb7 11. Nc4 Ndb4 12. a5 b5 13. a6 Bxa6 14. Nfe5 Nxe5 15. Nxe5 Qd6 16. Bf4 Qb6 17. Nd7 Qd8 18. Nxf8 Kxf8 19. c3 Nxd3 20. Rxa6 Nxe1 21. Qxe1 Rc8 22. Bb7 1-0


[Site "https://www.chess.com"]

[Event "Titled Tuesday Blitz December 27 Early 2022"]
[White "Pakleza, Zbigniew"]
[Black "Deac, Bogdan-Daniel"]
[WhiteFideId "1119290"]
[BlackFideId "1226380"]
[WhiteElo "2494"]
[BlackElo "2700"]
[Result "0-1"]
[Round "03"]
[TimeControl "180+2"]
[Date "2022.12.27"]
[WhiteClock "0:00:03"]
[BlackClock "0:00:08"]

1. d4 Nf6 2. Nf3 d5 3. Bf4 c5 4. c3 Nc6 5. Nbd2 e6 6. e3 cxd4 7. cxd4 Nh5 8. Be5 f6 9. Bg3 Qb6 10. Qb3 Qxb3 11. Nxb3 Bd7 12. a3 g6 13. Rc1 Rc8 14. Kd2 e5 15. Bb5 e4 16. Ne1 Nxg3 17. hxg3 b6 18. Ba6 Rc7 19. Nc2 Kd8 20. Be2 f5 21. Kd1 h5 22. Nd2 Bd6 23. Nb1 Na5 24. Nc3 Nb3 25. Rb1 Bc6 26. Na1 Na5 27. Nc2 Ke7 28. Nb4 Ke6 29. g4 h4 30. gxf5+ gxf5 31. g3 Rch7 32. gxh4 Rxh4 33. Rxh4 Rxh4 34. Nxc6 Nxc6 35. Kd2 Rh2 36. Rc1 Ne7 37. Ke1 f4 38. Nb5 f3 39. Bf1 Bb8 40. Nc7+ Kd7 41. Na6 Bd6 42. Bb5+ Ke6 43. Nc7+ Kf7 44. b4 Rh1+ 45. Bf1 a5 46. Kd2 axb4 47. axb4 Bxb4+ 48. Kc2 Rh2 49. Kb3 Bd2 50. Ra1 Rxf2 51. Bh3 Bxe3 52. Be6+ Kf6 53. Nxd5+ Nxd5 54. Bxd5 Bxd4 55. Ra8 Ke5 56. Bb7 Rb2+ 57. Kc4 b5# 0-1


[Site "https://www.chess.com"]

[Event "Titled Tuesday Blitz December 27 Early 2022"]
[White "Palacio,Igor Da Paz"]
[Black "Shubenkova, Veronika"]
[WhiteFideId "2121140"]
[BlackFideId "44124040"]
[WhiteElo "2172"]
[BlackElo "1960"]
[Result "0-1"]
[Round "03"]
[TimeControl "180+2"]
[Date "2022.12.27"]
[WhiteClock "0:00:01"]
[BlackClock "0:00:37"]

1. e4 e6 2. d4 d5 3. Nd2 Nf6 4. Bd3 Be7 5. Ngf3 c5 6. c3 Nc6 7. O-O Qb6 8. dxc5 Bxc5 9. exd5 Nxd5 10. Nb3 Be7 11. Nbd4 Nxd4 12. Nxd4 Bd7 13. a3 Bf6 14. Nf3 Rd8 15. c4 Ne7 16. Rb1 Bc6 17. Qe2 Ng6 18. Be3 Qc7 19. b4 Bxf3 20. gxf3 O-O 21. Be4 Qe5 22. Kh1 Qh5 23. Rg1 Be5 24. Rg2 Nh4 25. Rg3 Bxg3 26. fxg3 Ng6 27. Bxb7 Ne5 28. c5 Nd3 29. Be4 Ne5 30. Kg2 f5 31. Bc2 Qg6 32. Bf4 Nc6 33. Bd6 Rfe8 34. Rd1 e5 35. Ba4 Nd4 36. Rxd4 exd4 37. Qc4+ Kh8 38. Bxe8 Qxe8 39. Qxd4 Qe2+ 40. Qf2 Qd3 41. Qa2 h6 0-1


[Site "https://www.chess.com"]

[Event "Titled Tuesday Blitz December 27 Early 2022"]
[White "Perez Ponsa, Federico"]
[Black "Aghasiyev, Kamal"]
[WhiteFideId "117927"]
[BlackFideId "13402854"]
[WhiteElo "2532"]
[BlackElo "2441"]
[Result "1-0"]
[Round "03"]
[TimeControl "180+2"]
[Date "2022.12.27"]
[WhiteClock "0:00:07"]
[BlackClock "0:00:11"]

1. d4 d5 2. c4 e6 3. Nc3 Nf6 4. Nf3 Be7 5. Bf4 O-O 6. e3 b6 7. Rc1 Ba6 8. Ne5 dxc4 9. Qf3 Nd5 10. Bxc4 Bxc4 11. Nxc4 Nc6 12. Nxd5 exd5 13. Nd2 Qd7 14. O-O Rac8 15. a3 Nd8 16. b4 Ne6 17. Be5 a5 18. bxa5 Bxa3 19. Ra1 Bb4 20. Nb3 bxa5 21. Nxa5 c5 22. dxc5 Rxc5 23. Nb3 Rc4 24. Rfd1 Bc3 25. Rxd5 Qb7 26. Na5 Bxa5 27. Rdxa5 Qxf3 28. gxf3 Rfc8 29. Kg2 h6 30. Ra7 g5 31. Re7 R4c5 32. Bd6 R5c6 33. Bg3 Nf8 34. Raa7 Rf6 35. Be5 Re6 36. Rxe6 Nxe6 37. h4 Rc2 38. h5 Rc8 39. Kg3 Ng7 40. Kg4 f5+ 41. Kh3 Nxh5 42. e4 Re8 43. Ra5 Ng7 44. Bxg7 Kxg7 45. Rxf5 Kg6 46. Rd5 Re6 47. Kg3 Rf6 48. Rd8 Ra6 49. Rg8+ Kf6 50. Rf8+ Kg6 51. f4 Ra3+ 52. f3 gxf4+ 53. Kxf4 h5 54. Rg8+ Kf6 55. e5+ Kf7 56. Rg5 h4 57. Rh5 h3 58. Rxh3 Kg6 59. Rg3+ Kf7 60. Rg1 Ke6 61. Rg6+ Kf7 62. Rf6+ Ke7 63. Ke4 Ra4+ 64. Kf5 Ra5 65. f4 Ra4 66. Rh6 Kf7 67. Rh7+ Kg8 68. Rb7 Kf8 69. Kf6 Ke8 70. f5 Ra8 71. Rh7 Ra1 72. e6 Kd8 73. Rh8+ Kc7 74. e7 Ra5 75. e8=Q Ra6+ 76. Kf7 Ra7 77. Qb8+ 1-0


[Site "https://www.chess.com"]

[Event "Titled Tuesday Blitz December 27 Early 2022"]
[White "Petrovic, Aleksa"]
[Black "Van Essen, Mark"]
[WhiteFideId "967629"]
[BlackFideId "1012819"]
[WhiteElo "2332"]
[BlackElo "2194"]
[Result "1-0"]
[Round "03"]
[TimeControl "180+2"]
[Date "2022.12.27"]
[WhiteClock "0:00:24"]
[BlackClock "0:00:09"]

1. e4 e5 2. Nf3 Nc6 3. Bc4 Bc5 4. c3 Nf6 5. d4 exd4 6. cxd4 Bb4+ 7. Nc3 Nxe4 8. O-O Bxc3 9. bxc3 d5 10. Ba3 Ne7 11. Bxe7 Kxe7 12. Re1 Kf8 13. Ne5 f6 14. Qh5 fxe5 15. Rxe4 dxc4 16. Rxe5 Bd7 17. Rae1 Qf6 18. R1e3 g6 19. Qe2 Bf5 20. Qxc4 Qc6 21. Rc5 Qb6 22. g4 Bxg4 23. Rxc7 Qb1+ 24. Kg2 Qf5 25. Qb4+ Kg8 26. Qe7 Qd5+ 27. Kg3 1-0


[Site "https://www.chess.com"]

[Event "Titled Tuesday Blitz December 27 Early 2022"]
[White "Piesik, Piotr"]
[Black "Srebrnic, Marko"]
[WhiteFideId "1136194"]
[BlackFideId "14603616"]
[WhiteElo "2426"]
[BlackElo "2366"]
[Result "0-1"]
[Round "03"]
[TimeControl "180+2"]
[Date "2022.12.27"]
[WhiteClock "0:00:02"]
[BlackClock "0:00:08"]

1. Nf3 Nf6 2. g3 g6 3. Bg2 Bg7 4. O-O O-O 5. d4 d6 6. Nbd2 Nbd7 7. e4 e5 8. dxe5 Nxe5 9. Nxe5 dxe5 10. Qe2 c6 11. a4 a5 12. b3 Re8 13. Bb2 Qc7 14. Rfd1 Be6 15. Nc4 Nd7 16. Bf1 Bf8 17. Ne3 Bc5 18. Rd2 f6 19. Rad1 Rad8 20. Qf3 Kg7 21. h4 h5 22. Kh2 Nf8 23. Bh3 Bxh3 24. Kxh3 Ne6 25. Nc4 Rxd2 26. Rxd2 Bd4 27. Ba3 Rd8 28. Kg2 b5 29. Ne3 b4 30. Bc1 Bxe3 31. Qxe3 c5 32. Qe2 Rxd2 33. Bxd2 Nd4 34. Qc4 Qc6 35. f3 f5 36. Qd3 fxe4 37. fxe4 Qd7 38. c3 bxc3 39. Bxc3 Qb7 40. Bxa5 Nxb3 41. Bc3 Nd4 42. a5 Qb3 43. a6 Qa2+ 44. Bd2 c4 45. Qe3 Qxa6 46. Qh6+ Kg8 47. Bb4 Qf6 48. Kg1 c3 49. Qe3 c2 50. Ba3 Qa6 51. Kf2 Qc4 52. Ke1 Qf7 53. Kd2 Qa2 54. Bc1 Qa5+ 55. Qc3 Qa6 56. Qd3 Qf6 57. Qe3 Qf1 58. Bb2 Qd1+ 59. Kc3 Ne2+ 60. Kb4 c1=Q 61. Bxc1 Nxc1 62. Qg5 Qd4+ 63. Kb5 Qd7+ 64. Kb6 Qd6+ 65. Kb7 Nd3 66. g4 Nc5+ 67. Ka8 Qa6+ 0-1


[Site "https://www.chess.com"]

[Event "Titled Tuesday Blitz December 27 Early 2022"]
[White "Pinheiro, Iung Alicio de O."]
[Black "Timofeev, Artyom"]
[WhiteFideId "2104350"]
[BlackFideId "4140419"]
[WhiteElo "2306"]
[BlackElo "2567"]
[Result "1/2-1/2"]
[Round "03"]
[TimeControl "180+2"]
[Date "2022.12.27"]
[WhiteClock "0:00:17"]
[BlackClock "0:00:28"]

1. e4 c5 2. Nf3 Nc6 3. c3 Nf6 4. e5 Nd5 5. d4 cxd4 6. cxd4 d6 7. Bc4 Nb6 8. Bb5 Bd7 9. Qe2 dxe5 10. dxe5 e6 11. O-O Be7 12. Rd1 Nd5 13. Bd2 O-O 14. Nc3 Nxc3 15. Bxc3 Qc7 16. Rac1 Rfd8 17. Bd3 Be8 18. Qe4 g6 19. h4 Qb6 20. h5 Nb4 21. Bb1 Rxd1+ 22. Rxd1 Bc6 23. Qg4 Bxf3 24. Qxf3 Nd5 25. hxg6 hxg6 26. Be4 Nxc3 27. bxc3 Qc7 28. Qg3 Kg7 29. Rb1 Rb8 30. a4 b6 31. Rd1 Rc8 32. Rd3 Qc4 33. Qf4 Qxa4 34. Rh3 Qd1+ 35. Kh2 Rh8 36. Rxh8 Kxh8 37. Qxf7 Qh5+ 38. Kg1 Qd1+ 39. Kh2 Qh5+ 40. Kg1 Qd1+ 41. Kh2 1/2-1/2


[Site "https://www.chess.com"]

[Event "Titled Tuesday Blitz December 27 Early 2022"]
[White "Poeta, Caio Medeiros"]
[Black "Zemlyanskii, Ivan"]
[WhiteFideId "2142660"]
[BlackFideId "24249971"]
[WhiteElo "2088"]
[BlackElo "2300"]
[Result "0-1"]
[Round "03"]
[TimeControl "180+2"]
[Date "2022.12.27"]
[WhiteClock "0:01:16"]
[BlackClock "0:01:48"]

1. d4 d5 2. c4 c6 3. Nf3 Nf6 4. Nc3 dxc4 5. a4 Bf5 6. e3 e6 7. Bxc4 Bb4 8. O-O Nbd7 9. Nh4 O-O 10. Nxf5 exf5 11. Qc2 g6 12. b3 Qe7 13. Bb2 Nb6 14. a5 Nbd5 15. a6 b6 16. Rfc1 Rac8 17. Qd3 Bxc3 18. Bxc3 b5 19. Bxd5 Nxd5 20. Bb2 Rfe8 21. Rc5 f4 22. exf4 Nxf4 23. Qf3 Qe1+ 0-1


[Site "https://www.chess.com"]

[Event "Titled Tuesday Blitz December 27 Early 2022"]
[White "Postnikov, Daniil"]
[Black "Peatman, Carter"]
[WhiteFideId "4166329"]
[BlackFideId "2096480"]
[WhiteElo "2360"]
[BlackElo "1998"]
[Result "1-0"]
[Round "03"]
[TimeControl "180+2"]
[Date "2022.12.27"]
[WhiteClock "0:00:24"]
[BlackClock "0:00:03"]

1. e4 e5 2. f4 d5 3. exd5 exf4 4. Nf3 Nf6 5. c4 c6 6. d4 cxd5 7. c5 Nc6 8. Nc3 Ne4 9. Bxf4 a6 10. Bd3 Nxc3 11. bxc3 Be7 12. O-O O-O 13. Ne5 Bf6 14. Nxc6 bxc6 15. Qh5 g6 16. Qf3 Bg7 17. Bd6 Be6 18. Bxf8 Bxf8 19. Rab1 Qa5 20. Be2 Be7 21. Rb7 Re8 22. Ra7 Qxa2 23. Rxa6 Qd2 24. Rxc6 Rf8 25. g4 Qg5 26. h3 h5 27. Kf2 Qh4+ 28. Kg2 Qg5 29. Qg3 hxg4 30. Bxg4 Bxg4 31. hxg4 Qd2+ 32. Rf2 Qg5 33. Qf4 Qh4 34. Rc7 Bg5 35. Qf3 Bh6 36. Rxf7 Qd8 37. Rxf8+ Bxf8 38. c6 Kh8 39. Qxf8+ 1-0


[Site "https://www.chess.com"]

[Event "Titled Tuesday Blitz December 27 Early 2022"]
[White "Potapova, Margarita"]
[Black "Zanette, Edgard Vinicius"]
[WhiteFideId "14126869"]
[BlackFideId "2109263"]
[WhiteElo "2104"]
[BlackElo "2085"]
[Result "1-0"]
[Round "03"]
[TimeControl "180+2"]
[Date "2022.12.27"]
[WhiteClock "0:01:50"]
[BlackClock "0:00:17"]

1. d4 Nf6 2. c4 e6 3. Nf3 b6 4. a3 Bb7 5. Nc3 Ne4 6. Nxe4 Bxe4 7. Nd2 Bg6 8. e4 Nc6 9. d5 Nd4 10. Bd3 e5 11. O-O c5 12. Nb3 Bd6 13. Nxd4 cxd4 14. f4 f6 15. f5 Bf7 16. Qg4 Qe7 17. b4 O-O-O 18. Bd2 h5 19. Qe2 Kb8 20. Rab1 Ka8 21. Qd1 Rb8 22. Qa4 g6 23. fxg6 Bxg6 24. Qa6 Rhc8 25. Rfc1 f5 26. exf5 e4 27. c5 exd3 28. cxb6 Rxc1+ 29. Rxc1 Bxh2+ 30. Kh1 d6 31. Rc7 Rxb6 32. Qxa7# 1-0


[Site "https://www.chess.com"]

[Event "Titled Tuesday Blitz December 27 Early 2022"]
[White "Rahman, Adel"]
[Black "Zherebtsova, Alexandra"]
[WhiteFideId "14204177"]
[BlackFideId "24129518"]
[WhiteElo "2273"]
[BlackElo "2155"]
[Result "0-1"]
[Round "03"]
[TimeControl "180+2"]
[Date "2022.12.27"]
[WhiteClock "0:00:10"]
[BlackClock "0:00:09"]

1. e4 e5 2. Nf3 Nc6 3. Nc3 Nf6 4. d4 exd4 5. Nd5 Be7 6. Bc4 Nxd5 7. exd5 Na5 8. Be2 c5 9. dxc6 dxc6 10. Nxd4 O-O 11. O-O c5 12. Nf3 b6 13. Bf4 Bb7 14. Re1 Bf6 15. c3 Qxd1 16. Raxd1 Rad8 17. Ne5 Rxd1 18. Bxd1 Re8 19. f3 Nc4 20. Ba4 Re7 21. Rd1 Rxe5 22. Bxe5 Nxe5 23. f4 Nc4 24. Rd7 Be4 25. Bb3 Nxb2 26. Bxf7+ Kf8 27. Be6 a5 28. c4 Bd4+ 29. Kh1 Bb1 30. Rf7+ Ke8 31. Rb7 Bxa2 32. Rxb6 Bxc4 33. Bf5 a4 34. Rb8+ Ke7 35. Ra8 Bb3 36. Bxh7 Nc4 37. Ra7+ Kd6 38. Be4 a3 39. g4 a2 40. h4 a1=Q+ 41. Rxa1 Bxa1 42. Kg2 Nd2 43. Bg6 Bd5+ 44. Kh3 Bd4 45. g5 Be4 46. Bf7 c4 47. Kg4 c3 48. Bb3 Nxb3 49. h5 c2 50. h6 gxh6 51. gxh6 c1=Q 52. Kg5 Qg1+ 53. Kh4 Bf2+ 54. Kh5 Qg6# 0-1


[Site "https://www.chess.com"]

[Event "Titled Tuesday Blitz December 27 Early 2022"]
[White "Ramirez Vido, Robert Yorisan"]
[Black "Skvortsov, Andrei"]
[WhiteFideId "3513823"]
[BlackFideId "24108600"]
[WhiteElo "2015"]
[BlackElo "2313"]
[Result "0-1"]
[Round "03"]
[TimeControl "180+2"]
[Date "2022.12.27"]
[WhiteClock "0:01:47"]
[BlackClock "0:01:41"]

1. f4 g6 2. Nf3 d5 3. g3 Bg7 4. Bg2 Nf6 5. d3 O-O 6. O-O d4 7. Na3 Nd5 8. Bd2 c5 9. Qe1 Nc6 10. c3 Rb8 11. Nc2 Re8 12. c4 Nc7 13. b4 cxb4 14. Nxb4 Nxb4 15. Bxb4 Bg4 16. Rb1 Bxf3 17. Bxf3 e5 18. fxe5 Bxe5 19. Qf2 Qf6 20. Bd2 b6 21. a4 Ne6 22. Qg2 Qe7 23. a5 Kg7 24. axb6 Rxb6 25. Rxb6 axb6 26. Bd5 f5 27. Rb1 Bc7 28. Qh3 Ng5 29. Qh4 h6 30. Qxd4+ Be5 31. Qxb6 Rb8 32. Qxb8 Bxb8 33. Rxb8 Qa7+ 0-1


[Site "https://www.chess.com"]

[Event "Titled Tuesday Blitz December 27 Early 2022"]
[White "Ratnesan, Ranesh"]
[Black "Iljin, Timofey"]
[WhiteFideId "439339"]
[BlackFideId "14110180"]
[WhiteElo "2260"]
[BlackElo "2329"]
[Result "1-0"]
[Round "03"]
[TimeControl "180+2"]
[Date "2022.12.27"]
[WhiteClock "0:00:23"]
[BlackClock "0:00:02"]

1. d4 f5 2. g3 Nf6 3. Bg2 g6 4. b3 Bg7 5. Bb2 O-O 6. Nf3 d6 7. O-O Qe8 8. c4 c6 9. Nbd2 Nbd7 10. Qc2 e5 11. dxe5 dxe5 12. e4 fxe4 13. Nxe4 Nxe4 14. Qxe4 Nc5 15. Qe3 e4 16. Bxg7 Kxg7 17. Nd4 Qf7 18. Rae1 Kg8 19. f3 Bd7 20. fxe4 Qe7 21. e5 Ne6 22. Nf3 Rae8 23. Nd2 Rxf1+ 24. Bxf1 Ng5 25. h4 Nf7 26. Nf3 Bg4 27. Bg2 Bxf3 28. Bxf3 Nxe5 29. Kg2 Kf7 30. Be4 Kg7 31. h5 Ng4 32. Qf4 Nf6 33. h6+ Kh8 34. Bd5 Qf8 35. Rxe8 Qxe8 36. Qxf6# 1-0


[Site "https://www.chess.com"]

[Event "Titled Tuesday Blitz December 27 Early 2022"]
[White "Rohith Krishna S"]
[Black "Martinez Alcantara, Jose Eduardo"]
[WhiteFideId "46617051"]
[BlackFideId "3805662"]
[WhiteElo "2385"]
[BlackElo "2619"]
[Result "0-1"]
[Round "03"]
[TimeControl "180+2"]
[Date "2022.12.27"]
[WhiteClock "0:00:17"]
[BlackClock "0:00:08"]

1. Nf3 d5 2. d4 Nf6 3. c4 e6 4. Nc3 a6 5. Bg5 Be7 6. cxd5 exd5 7. e3 Be6 8. Bd3 Nbd7 9. O-O h6 10. Bh4 O-O 11. Rc1 Rc8 12. a3 c6 13. Re1 Re8 14. Na4 Bd6 15. Nc5 Nxc5 16. dxc5 Bc7 17. Nd4 Bd7 18. b4 Qe7 19. a4 Be5 20. Bb1 Bb8 21. f3 Qe5 22. Bg3 Qe7 23. Bh4 Bc7 24. Bd3 Qe5 25. Bg3 Qe7 26. Bh4 Ra8 27. Bb1 Be5 28. Qd3 g5 29. Bf2 Bc7 30. Nf5 Bxf5 31. Qxf5 Qe6 32. Qd3 Rad8 33. b5 axb5 34. axb5 Be5 35. f4 Bb8 36. fxg5 hxg5 37. Rf1 Ne4 38. Be1 Qh6 39. g3 Qe6 40. Ba2 Qe5 41. Rb1 Re7 42. Qd4 Rde8 43. Bb3 Qe6 44. bxc6 bxc6 45. Ba4 Ba7 46. Bb4 Rb8 47. Ba3 Reb7 48. Rxb7 Rxb7 49. Bc2 Re7 50. Bb2 Qh6 51. Qa4 g4 52. Bxe4 Qxe3+ 53. Rf2 Qe1+ 54. Rf1 Bxc5+ 55. Bd4 Bxd4+ 56. Qxd4 Qxe4 57. Qf6 Qe3+ 58. Rf2 d4 59. Qf5 Qe1+ 60. Rf1 Qe3+ 61. Rf2 Qe4 62. Qg5+ Kf8 63. Qh6+ Ke8 64. Qd6 Qe1+ 65. Rf1 Qe3+ 66. Rf2 f5 67. Qxc6+ Rd7 68. Qg6+ Kd8 69. Qxf5 d3 70. Qa5+ Kc8 71. Qa6+ Kd8 72. Kg2 Qe4+ 73. Kg1 Qe3 74. Kg2 Qe4+ 75. Kg1 Qd4 76. Qa8+ Kc7 77. Qa5+ Kc6 78. Qa6+ Kc5 79. Qa5+ Kc4 80. Kg2 Qd5+ 81. Qxd5+ Rxd5 82. Rf1 d2 83. h3 gxh3+ 84. Kxh3 d1=Q 85. Rxd1 Rxd1 86. Kg4 Kd5 87. Kf5 Rf1+ 0-1


[Site "https://www.chess.com"]

[Event "Titled Tuesday Blitz December 27 Early 2022"]
[White "Roque Sola, Gisela"]
[Black "Vasques, Antonio Pedro Freixial"]
[WhiteFideId "5120241"]
[BlackFideId "1908332"]
[WhiteElo "2061"]
[BlackElo "2214"]
[Result "0-1"]
[Round "03"]
[TimeControl "180+2"]
[Date "2022.12.27"]
[WhiteClock "0:00:02"]
[BlackClock "0:00:12"]

1. e4 c5 2. Nf3 Nc6 3. d4 cxd4 4. Nxd4 e6 5. Nc3 Qc7 6. a3 Nf6 7. Be3 a6 8. Be2 Be7 9. O-O O-O 10. Kh1 d6 11. Nxc6 Qxc6 12. Bd3 b5 13. f4 Bb7 14. Qf3 Nd7 15. Qh3 Nc5 16. Bxc5 Qxc5 17. e5 h6 18. f5 exf5 19. exd6 Bxd6 20. Rxf5 Qc7 21. Nd5 Bxd5 22. Rxd5 Rae8 23. Rf1 Re5 24. Rxe5 Bxe5 25. Re1 Bxb2 26. Qf5 g6 27. Qh3 Kg7 28. Qh4 Bf6 29. Qe4 Qc3 30. Rf1 Rd8 31. a4 Rd4 32. Qb7 Rxa4 33. Be4 Qe5 34. Bd5 Qe7 35. Qc6 Rd4 36. Bb3 Qd6 37. Qe8 Qd7 38. Qe2 Rd2 39. Qf3 Qd6 40. h3 a5 41. Qb7 Qd7 42. Qe4 a4 43. Qf3 axb3 44. Qxf6+ Kg8 45. cxb3 Rd1 46. Rxd1 Qxd1+ 47. Kh2 Qxb3 48. Qd8+ Kg7 49. Qd4+ Kh7 50. Qf6 Qc4 51. Qe7 b4 52. h4 h5 0-1


[Site "https://www.chess.com"]

[Event "Titled Tuesday Blitz December 27 Early 2022"]
[White "Roque Sola, Jose Luis"]
[Black "Majdan, Joanna"]
[WhiteFideId "5120390"]
[BlackFideId "1121979"]
[WhiteElo "2217"]
[BlackElo "2306"]
[Result "0-1"]
[Round "03"]
[TimeControl "180+2"]
[Date "2022.12.27"]
[WhiteClock "0:00:05"]
[BlackClock "0:00:32"]

1. c4 e5 2. Nc3 Nf6 3. Nf3 Nc6 4. g3 d5 5. cxd5 Nxd5 6. Bg2 Be6 7. O-O Nb6 8. d3 Be7 9. a3 O-O 10. b4 f6 11. Be3 Nd4 12. Bxd4 exd4 13. Nb5 c5 14. bxc5 Bxc5 15. Rc1 Qe7 16. Nfxd4 Bf7 17. Nf5 Qe5 18. d4 Qxf5 19. Rxc5 Qd7 20. Nc7 Rac8 21. Qc2 Qxd4 22. Bxb7 Rb8 23. Bg2 Nd7 24. Rc3 Ne5 25. Rd1 Qb6 26. a4 Bb3 27. Bd5+ Bxd5 28. Nxd5 Qa6 29. Ne7+ Kh8 30. Rc7 Ng4 31. e3 Qa5 32. Rd5 Qe1+ 33. Kg2 Rb1 34. Nf5 Qf1+ 35. Kf3 Nxh2+ 36. Ke4 Qh1+ 37. Kd4 Rd1+ 0-1


[Site "https://www.chess.com"]

[Event "Titled Tuesday Blitz December 27 Early 2022"]
[White "Rose, Felix"]
[Black "Rodriguez Fontecha, Marcos"]
[WhiteFideId "5105722"]
[BlackFideId "2256576"]
[WhiteElo "2091"]
[BlackElo "2309"]
[Result "0-1"]
[Round "03"]
[TimeControl "180+2"]
[Date "2022.12.27"]
[WhiteClock "0:00:02"]
[BlackClock "0:00:39"]

1. e4 e6 2. d4 c5 3. Nc3 cxd4 4. Qxd4 Nc6 5. Qd2 Bb4 6. a3 Ba5 7. b4 Bc7 8. Bb2 Nf6 9. f4 O-O 10. e5 Ne8 11. Nf3 d6 12. b5 Ne7 13. Rd1 d5 14. Bd3 f6 15. O-O fxe5 16. fxe5 Nf5 17. Kh1 Bb6 18. Ng5 h6 19. Nh3 Qh4 20. Rf4 Qh5 21. Rdf1 Bd7 22. Bxf5 exf5 23. Qxd5+ Qf7 24. Qxb7 Nc7 25. Qf3 Rae8 26. a4 Rxe5 27. Ne2 Re3 28. Qb7 Rxh3 29. gxh3 Be6 30. Qg2 Bd5 31. R4f3 Ne6 32. Rg1 Qb7 0-1


[Site "https://www.chess.com"]

[Event "Titled Tuesday Blitz December 27 Early 2022"]
[White "Roy Chowdhury, Saptarshi"]
[Black "Galchenko, Matvey"]
[WhiteFideId "5002974"]
[BlackFideId "24175480"]
[WhiteElo "2273"]
[BlackElo "2438"]
[Result "1/2-1/2"]
[Round "03"]
[TimeControl "180+2"]
[Date "2022.12.27"]
[WhiteClock "0:00:19"]
[BlackClock "0:00:03"]

1. Nf3 c5 2. g3 Nc6 3. Bg2 g6 4. O-O Bg7 5. d3 e5 6. e4 Nge7 7. c3 d6 8. a4 O-O 9. Na3 h6 10. Nc4 Be6 11. Re1 b6 12. Bd2 Qd7 13. b4 Bxc4 14. dxc4 Qe6 15. Qe2 Rfd8 16. a5 Kh7 17. Ra3 Rdc8 18. Rea1 cxb4 19. cxb4 bxa5 20. b5 Nd4 21. Nxd4 exd4 22. Rc1 a6 23. Rxa5 axb5 24. Rxa8 Rxa8 25. cxb5 Nd5 26. Qd3 Nc3 27. Bxc3 dxc3 28. e5 Rd8 29. Qxc3 d5 30. Qc6 Qxe5 31. b6 d4 32. b7 d3 33. Bf3 d2 34. Rd1 Bf6 35. Kg2 Kg7 36. Qc2 Qa5 37. Rb1 Qa7 38. Rd1 Bg5 39. h4 Bf6 40. Rxd2 Rxd2 41. Qxd2 Be5 42. Qd7 Qb8 43. Bd5 Qf8 44. Qc8 Bb8 45. Qc3+ Kh7 46. Qc4 Kg7 47. h5 gxh5 48. Qc8 Qd6 49. Qf5 Qf6 50. Qxh5 Ba7 51. Bf3 Bb8 52. Qg4+ Kh7 53. Qc8 Qe5 54. Qc3 Kg7 55. Qc4 Qf6 56. Bd5 Ba7 57. f4 Bb8 58. Qc8 Qd6 59. Qf5 Qf6 60. Qd7 Qb2+ 61. Kh3 Qf6 62. Qc8 Qd6 63. Qf5 Qf6 64. Qg4+ Qg6 65. Qd7 Qf6 66. Qg4+ Qg6 67. Qd7 Qf6 1/2-1/2


[Site "https://www.chess.com"]

[Event "Titled Tuesday Blitz December 27 Early 2022"]
[White "Royal, Shreyas"]
[Black "Costachi, Mihnea"]
[WhiteFideId "448869"]
[BlackFideId "1217518"]
[WhiteElo "2438"]
[BlackElo "2476"]
[Result "1-0"]
[Round "03"]
[TimeControl "180+2"]
[Date "2022.12.27"]
[WhiteClock "0:01:39"]
[BlackClock "0:00:21"]

1. e4 c5 2. Nf3 d6 3. d4 cxd4 4. Nxd4 Nf6 5. Nc3 Nc6 6. Bc4 e6 7. Be3 Be7 8. Qe2 a6 9. f3 Qc7 10. g4 b5 11. Nxc6 bxc4 12. Nxe7 Kxe7 13. g5 Nd7 14. O-O-O Rd8 15. Bf4 Ne5 16. Bg3 Rb8 17. f4 Ng6 18. f5 Ne5 19. f6+ Kf8 20. Bxe5 dxe5 21. Qxc4 Rxd1+ 22. Rxd1 Qb6 23. Qc5+ Qxc5 24. Rd8# 1-0


[Site "https://www.chess.com"]

[Event "Titled Tuesday Blitz December 27 Early 2022"]
[White "Sai Krishna G V"]
[Black "Cruz, William Ferreira Da"]
[WhiteFideId "5028280"]
[BlackFideId "2118050"]
[WhiteElo "2384"]
[BlackElo "2216"]
[Result "1-0"]
[Round "03"]
[TimeControl "180+2"]
[Date "2022.12.27"]
[WhiteClock "0:00:37"]
[BlackClock "0:00:09"]

1. e4 e6 2. d3 d5 3. Nd2 Nf6 4. Ngf3 Bc5 5. e5 Nfd7 6. g3 O-O 7. Bg2 f6 8. d4 Be7 9. exf6 Bxf6 10. O-O e5 11. dxe5 Nxe5 12. Nxe5 Bxe5 13. c4 d4 14. Bd5+ Kh8 15. Nf3 Bf6 16. Nxd4 Bxd4 17. Qxd4 c6 18. Bh6 Qf6 19. Qxf6 Rxf6 20. Rfe1 Bd7 21. Bg5 cxd5 22. Bxf6 gxf6 23. cxd5 Na6 24. Re7 Rd8 25. Rf7 Nb4 26. Rxf6 Bg4 27. f3 Bh5 28. g4 Bg6 29. d6 Kg7 30. g5 h6 31. h4 Nd5 32. Re6 Nf4 33. Re7+ Kg8 34. d7 Nd5 35. Re6 Bf7 36. Rxh6 Rxd7 37. Rd1 Re7 38. g6 Be6 39. Rh5 Nf4 40. Rd8+ Kg7 41. Rh7+ Kf6 42. Rf8+ Kxg6 43. Rxe7 Ne2+ 44. Kf2 Bf5 45. Rxf5 1-0


[Site "https://www.chess.com"]

[Event "Titled Tuesday Blitz December 27 Early 2022"]
[White "Sailer, Mike"]
[Black "Feng, Eric"]
[WhiteFideId "2012901"]
[BlackFideId "30952590"]
[WhiteElo "2109"]
[BlackElo "1951"]
[Result "0-1"]
[Round "03"]
[TimeControl "180+2"]
[Date "2022.12.27"]
[WhiteClock "0:00:23"]
[BlackClock "0:02:14"]

1. Nf3 c6 2. c4 d5 3. g3 Nf6 4. Bg2 g6 5. O-O Bg7 6. d4 O-O 7. b3 Be6 8. c5 Nbd7 9. Nc3 Ne4 10. Nxe4 dxe4 11. Ng5 Bd5 12. Nxe4 Bxe4 13. Bxe4 Nxc5 14. Bg2 Qxd4 15. Rb1 Qxd1 16. Rxd1 Rfd8 17. Ba3 Ne6 18. Bxe7 Re8 19. Ba3 Nd4 20. Rd2 Nxe2+ 21. Kf1 Nc3 22. Rc1 Rad8 23. Rxd8 Rxd8 24. Bb2 Nxa2 25. Bxg7 Kxg7 26. Ke1 Nxc1 0-1


[Site "https://www.chess.com"]

[Event "Titled Tuesday Blitz December 27 Early 2022"]
[White "Saleem, Arshaq"]
[Black "Matveeva, Olga"]
[WhiteFideId "2081857"]
[BlackFideId "24107018"]
[WhiteElo "2133"]
[BlackElo "2128"]
[Result "1-0"]
[Round "03"]
[TimeControl "180+2"]
[Date "2022.12.27"]
[WhiteClock "0:00:57"]
[BlackClock "0:00:02"]

1. d4 e6 2. c4 d5 3. Nf3 Nf6 4. g3 Bb4+ 5. Nbd2 Be7 6. Bg2 O-O 7. O-O Nbd7 8. Qc2 c6 9. e4 dxe4 10. Nxe4 Nxe4 11. Qxe4 Nf6 12. Qc2 c5 13. dxc5 Bxc5 14. Bg5 h6 15. Rad1 Qe7 16. Bf4 Bd7 17. a3 a5 18. Ne5 Ra7 19. Nd3 Bd4 20. Ne5 Bc5 21. Nxd7 Nxd7 22. Qd2 b6 23. Bc6 Nf6 24. Rfe1 Rc8 25. Bb5 Ng4 26. Re2 a4 27. h3 Nf6 28. Bd6 Bxd6 29. Qxd6 Qc7 30. Red2 Qc5 31. Qxc5 bxc5 32. Rd8+ Rxd8 33. Rxd8+ Kh7 34. Rc8 Ne4 35. Kg2 Kg6 36. f3 Nd6 37. Rxc5 Nxb5 38. Rxb5 Kf6 39. f4 g5 40. Kf3 Kg6 41. g4 gxf4 42. Kxf4 Kf6 43. h4 Ke7 44. Rb4 Kd6 45. g5 hxg5+ 46. hxg5 e5+ 47. Kf5 Ra5 48. Rb5 Ra7 49. Rd5+ Kc6 50. Kxe5 Rb7 51. Rb5 Re7+ 52. Kf6 Re4 53. Kxf7 Rxc4 54. Rb4 Rc2 55. Rxa4 Rxb2 56. Rf4 Rg2 57. g6 Kd5 58. g7 1-0


[Site "https://www.chess.com"]